 Dungeon Crawl Stone Soup version 0.19.0-2-gae57169 (webtiles) character file.

622 Patchouli the Ruffian (level 7, -11/52 HPs)
             Began as a Human Wanderer on Nov 6, 2016.
             Was a Believer of Zin (penitent).
             Mangled by an ogre
             ... wielding a +0 giant club
              (21 damage)
             ... on level 6 of the Dungeon.
             The game lasted 00:21:36 (2480 turns).

Patchouli the Ruffian (Human Wanderer)              Turns: 2480, Time: 00:21:37

Health: -11/52     AC:  9    Str: 15    XL:     7   Next: 75%
Magic:  9/9        EV:  7    Int: 13    God:    Zin [*]
Gold:   122        SH:  0    Dex: 11    Spells: 0 memorised, 6 levels left

rFire  . . .     SeeInvis .     m - +0 battleaxe
rCold  . . .     Gourm    .     n - +0 chain mail
rNeg   . . .     Faith    .     (shield currently unavailable)
rPois  .         Spirit   .     (no helmet)
rElec  .         Reflect  .     (no cloak)
rCorr  .         Harm     .     (no gloves)
MR     .....                    (no boots)
Stlth  ..........               (no amulet)
                                (no ring)
                                (no ring)

@: no status effects
A: no striking features
a: Donate Gold, Renounce Religion


You were on level 6 of the Dungeon.
You worshipped Zin.
Zin was demanding penance.
You were hungry.

You visited 1 branch of the dungeon, and saw 6 of its levels.

You collected 135 gold pieces.
You donated 13 gold pieces to Zin.

Inventory:

Hand Weapons
 b - a +0 war axe
 m - a +0 battleaxe (weapon)
Missiles
 h - 92 stones
 o - 16 poisoned needles
 s - 3 tomahawks (quivered)
Armour
 n - a +0 chain mail (worn)
Jewellery
 r - an uncursed ring of magical power
Wands
 a - a wand of confusion (0/48)
Scrolls
 e - 5 scrolls of identify
 j - a scroll of fear
 k - a scroll of teleportation
 l - a scroll of remove curse
Comestibles
 c - a slice of pizza
 f - a beef jerky
 g - 2 bread rations


   Skills:
 + Level 3.0 Fighting
 - Level 2.2(2.3) Axes
   Level 0.4(1.4) Maces & Flails
 + Level 2.9 Throwing
 * Level 3.1 Armour
 + Level 2.2 Dodging
 - Level 3.4 Stealth
 - Level 4.0 Unarmed Combat
 * Level 3.7 Invocations
 - Level 1.6 Evocations


You had 6 spell levels left.
You didn't know any spells.

Dungeon Overview and Level Annotations

Branches:
Dungeon (6/15)
 Temple: D:4-7

Altars:
Hepliaklqana
Makhleb
Uskayaw
Xom
Yredelemnul
Zin

Shops:
D:6 (

Annotations:
D:3 Ijyb, Sigmund


Message History

Quivering
s - 5 tomahawks for throwing.
Throwing (i - inventory. (,) - cycle):
s - 5 tomahawks (quivered)
Press: ? - help, Shift-Dir - straight line, f/p - ogre
Aim: an ogre, wielding a giant club (moderately wounded)
You throw a tomahawk. The tomahawk barely misses the ogre.
Throwing (i - inventory. (,) - cycle):
s - 4 tomahawks (quivered)
Press: ? - help, Shift-Dir - straight line, f/p - ogre
Aim: an ogre, wielding a giant club (moderately wounded)
You throw a tomahawk.
The tomahawk hits the ogre but does no damage.
The ogre is moderately wounded.
Your chain mail prevents you from hitting the ogre.
The ogre is moderately wounded.
The ogre hits you with a giant club!!
You slash the ogre!
The ogre is severely wounded.
The ogre hits you with a giant club!!
* * * LOW HITPOINT WARNING * * *
The ogre hits you with a giant club!!
You die...

...#...# .... ...#####
##########.... ##.(..#
##...........# #....#
#............# #....#
##._..........# #....#
#.............#
##....#########....⌠.._.....#####
..)............§§§§.)...###......
...............§@O........'......
..............§§§§(.......#.....
................§§........# ...
.............########(....# .
###########÷## ...##..(..# ..
#..........' ..........# ...
#..........#. ..........# ....
#'##..##..## ...####'###.....
....##...'#### #............


You could see an ogre.

Vanquished Creatures
  3 bullfrogs (D:6)
  A howler monkey (D:6)
  2 crimson imps
  A bullfrog zombie (D:6)
  A hound (D:4)
  A centaur skeleton (D:6)
  2 orc wizards
  Jessica (D:2)
  Terence (D:3)
  2 hound skeletons
  2 adders (D:4)
  A gnoll (D:3)
  A shadow imp (D:5)
  An ooze (D:2)
  An adder zombie (D:6)
  A worm (D:6)
  A dart slug (D:2)
  A leopard gecko (D:4)
  9 orcs
  A bat (D:1)
  A goblin (D:1)
  4 hobgoblins
  9 jackals
  4 kobolds
  5 frilled lizards
  A quokka skeleton (D:5)
  A rat (D:2)
59 creatures vanquished.

Notes
Turn   | Place    | Note
-------+----------+-------------------------------------------
     0 | D:1      | Patchouli the Human Wanderer began the quest for the Orb.
     0 | D:1      | Patchouli set off with: a wand of confusion (15/48), a potion of curing, a potion of lignification, a +0 robe, a +0 club, a +0 dagger, a bread ration
     0 | D:1      | Reached XP level 1. HP: 15/15 MP: 1/1
   125 | D:3      | Noticed Terence
   225 | D:3      | Killed Terence
   225 | D:3      | Reached XP level 2. HP: 15/21 MP: 1/3
   225 | D:3      | Reached XP level 3. HP: 19/26 MP: 1/4
   278 | D:3      | Found a faded altar of an unknown god.
   285 | D:3      | Became a worshipper of Zin the Law-Giver
   285 | D:3      | Reached * piety under Zin
   344 | D:3      | Reached XP level 4. HP: 16/33 MP: 5/5
   420 | D:3      | Reached skill level 1 in Invocations
   446 | D:3      | Noticed Sigmund
   455 | D:3      | Noticed Ijyb
   525 | D:2      | Noticed Jessica
   545 | D:2      | Killed Jessica
   545 | D:2      | Reached skill level 1 in Armour
   639 | D:2      | Reached XP level 5. HP: 38/38 MP: 6/6
   823 | D:1      | Reached ** piety under Zin
  1152 | D:4      | Reached skill level 1 in Axes
  1321 | D:5      | Entered Level 5 of the Dungeon
  1376 | D:5      | Reached skill level 1 in Dodging
  1376 | D:5      | Reached XP level 6. HP: 46/46 MP: 7/7
  1500 | D:5      | Found a shimmering altar of Xom.
  1500 | D:5      | Found a burning altar of Makhleb.
  1770 | D:6      | Was placed under penance by Zin
  1774 | D:6      | Reached XP level 7. HP: 45/51 MP: 9/9
  1957 | D:6      | Found Diaprij's Antique Weapon Shop.
  2070 | D:6      | Found a hazy altar of Hepliaklqana.
  2070 | D:6      | Found a basalt altar of Yredelemnul.
  2077 | D:6      | Found a hide-covered altar of Uskayaw.
  2480 | D:6      | Mangled by an ogre

Skill      XL: |  1  2  3  4  5  6  7 |
---------------+----------------------+-----
Invocations    | 1 2 3 |  3.7
Fighting       | 2 3 |  3.0
Armour         | 1 2 3 |  3.1
Throwing       | 2 |  2.9
Axes           | 1 2 |  2.2
Dodging        | 1 2 |  2.2
Maces & Flails | |  0.4
Stealth        | |  3.4
Unarmed Combat | |  4.0
Evocations     | |  1.6

Action                   |  1- 3 |  4- 6 |  7- 9 || total
-------------------------+-------+-------+-------++-------
Melee: Unarmed           |    34 |   233 |    36 ||   303
       Club              |     2 |       |       ||     2
       Punch             |     1 |     1 |     2 ||     4
       Flail             |     6 |       |       ||     6
       Battleaxe         |       |       |    46 ||    46
Throw: Stone             |     4 |     3 |       ||     7
       Javelin           |       |     7 |     1 ||     8
       Tomahawk          |       |       |     2 ||     2
Invok: Recite            |     2 |     9 |       ||    11
Evoke: Wand              |     9 |     6 |       ||    15
  Use: Potion            |     2 |     2 |     3 ||     7
       Scroll            |     1 |     2 |     1 ||     4
 Stab: Confused          |     6 |    16 |       ||    22
       Sleeping          |     1 |       |       ||     1
       Invisible         |       |     1 |       ||     1
  Eat: Chunk             |       |     3 |     2 ||     5
Armor: Scale mail        |    11 |       |       ||    11
       Chain mail        |       |   153 |    70 ||   223
       Skin              |       |     2 |     1 ||     3
Dodge: Dodged            |    11 |    55 |    39 ||   105
